 Dungeon Crawl Stone Soup version 0.14-a0-586-g2535b90 (webtiles) character file.

163 PolkaDot the Sneak (level 3, 0/18 (24) HPs)
             Began as a Vampire Air Elementalist on Nov 4, 2013.
             Killed themself with a bounced zap (5 damage)
             ... on Level 2 of the Dungeon.
             The game lasted 00:05:16 (1282 turns).

PolkaDot the Sneak (Vampire Air Elementalist)       Turns: 1282, Time: 00:05:16

HP   0/18 (24)   AC  2     Str  7      XL: 3   Next: 55%
MP   0/7         EV 12     Int 18      God:
Gold 113         SH  0     Dex 14      Spells:  3 memorised,  0 levels left

Res.Fire  : . . .   See Invis. : +   e - +0 spear
Res.Cold  : . . .   Warding    : .   a - +0 robe
Life Prot.: . . .   Conserve   : .   (no shield)
Res.Poison: .       Res.Corr.  : .   (no helmet)
Res.Elec. : .       Clarity    : .   (no cloak)
Sust.Abil.: . .     Spirit.Shd : .   (no gloves)
Res.Mut.  : .       Stasis     : .   (no boots)
Res.Rott. : .       Flight     : .   (no amulet)
Saprovore : . . .                    (no ring)
                                     (no ring)

@: regenerating quickly, slightly resistant to hostile enchantments, quite
stealthy
A: fangs 3, see invisible, unbreathing
a: no special abilities


You were on level 2 of the Dungeon.
You were full.

You visited 1 branch of the dungeon, and saw 2 of its levels.

You collected 113 gold pieces.

Inventory:

Hand weapons
 e - a +0,+0 spear (weapon)
Armour
 a - a +0 robe (worn)
Scrolls
 d - 3 scrolls of remove curse {unknown}
 g - a scroll of curse armour {unknown}
 i - a scroll of magic mapping {unknown}
Potions
 f - a potion of mutation
Books
 b - a book of Air

   Spells                             Type                      Level
   *Shock                             Conjuration/Air              1
   *Swiftness                         Charms/Air                   2
   Repel Missiles                     Charms/Air                   2
   *Flight                            Charms/Air                   3
   Static Discharge                   Conjuration/Air              3
   Lightning Bolt                     Conjuration/Air              5


   Skills:
 - Level 2.1 Dodging
 + Level 4.4 Stealth
 * Level 2.4 Spellcasting
 - Level 0.6 Conjurations
 + Level 0.4 Charms
 - Level 3.0 Air Magic


You couldn't memorise any spells.
You knew the following spells:

 Your Spells              Type           Power        Failure   Level  Hunger
a - Shock                 Conj/Air       #...         12%         1    #......
e - Flight                Chrm/Air       #.........   30%         3    ###....
w - Swiftness             Chrm/Air       #.........   14%         2    ##.....


Dungeon Overview and Level Annotations

Branches:
Dungeon (2/27)

Altars:


Innate Abilities, Weirdness & Mutations

Your natural rate of healing is unusually fast.
You have razor-sharp teeth.*
You have supernaturally acute eyesight.
You can survive without breathing.*


Message History

The zap hits you!
* * * LOW HITPOINT WARNING * * *
Ijyb barely misses you.
Drink which item? (? for menu, Esc to quit)
You feel better. Ijyb hits you.
Drink which item? (? for menu, Esc to quit)
Yummy - fresh blood!
Ijyb hits you.
* * * LOW HITPOINT WARNING * * *
Casting: Shock
Confirm with . or Enter, or press ? or * to list all spells.
Aiming: Shock
Press: ? - help, Shift-Dir - straight line, f/p - Ijyb
Aim: Ijyb wearing an orcish leather armour (almost dead) That beam is likely to hit you.
Continue anyway?
The zap hits Ijyb.
Ijyb appears unharmed.
Ijyb is almost dead.
The zap hits Ijyb.
You kill Ijyb!
The zap hits you!
You die...

.######.# #.# ##...%........#
........# #.# #.########...##
######### #.# #.# ####..... #.#
#.# #.....<.. #.# #.# #.###..##
#.#######.# ###........
#..!...##.# #.....#..## #
##[##.###.#.#.#..# ########
#.@........#.....# .......#
#..##............# .#..##.#
#..###.........#### ...#.#.#
#..###.........##..
.#...#.########..............##.#
...#.........................##.#
.#...#.########.###..........##.#
...#...# #.# #.#........##.#
.#...### #.# #.#.#########.#


There were no monsters in sight!

Vanquished Creatures
  Ijyb (D:2)
  An adder (D:2)
  An ooze (D:1)
  2 goblins
  6 hobgoblins
  2 kobolds
  5 bats
  3 giant newts
  2 rats (D:2)
23 creatures vanquished.

Notes
Turn   | Place    | Note
--------------------------------------------------------------
     0 | D:1      | PolkaDot, the Vampire Air Elementalist, began the quest for the Orb.
     0 | D:1      | Reached XP level 1. HP: 13/13 MP: 4/4
   628 | D:1      | Reached XP level 2. HP: 19/19 MP: 5/5
  1130 | D:2      | Reached skill level 4 in Stealth
  1164 | D:2      | Reached XP level 3. HP: 22/24 MP: 2/7
  1241 | D:2      | Learned a level 2 spell: Swiftness
  1245 | D:2      | Learned a level 3 spell: Flight
  1266 | D:2      | Noticed Ijyb
  1282 | D:2      | Killed Ijyb
  1282 | D:2      | Killed themself with a bounced zap

Action                   || total
-------------------------++-------
Melee: Unarmed           ||     7
       Spear             ||    52
 Cast: Shock             ||    27
  Use: Potion            ||     4
 Stab: Sleeping          ||     3
